 Dungeon Crawl Stone Soup version 0.31-a0-986-g5e6e4ef867 (webtiles) character file.

Game seed: 7488403910101404681

114 croobank the Firebug (level 4, -2/32 HPs)
             Began as a Demonspawn Fire Elementalist on Nov 19, 2023.
             Was a Follower of Wu Jian.
             Killed by divine providence
             ... invoked by an orc priest
              (14 damage)
             ... on level 4 of the Dungeon.
             The game lasted 00:06:29 (3944 turns).

croobank the Firebug (Demonspawn Fire Elementalist) Turns: 3944, Time: 00:06:29

Health: -2/32      AC:  4    Str: 11    XL:     4   Next: 67%
Magic:  7/7        EV: 12    Int: 23    God:    Wu Jian [*.....]
Gold:   175        SH:  0    Dex: 13    Spells: 5/8 levels left

rFire   . . .        k - +1 dagger (speed)
rCold   . . .        (no shield)
rNeg    . . .        y - +1 robe "Tolidi" {rCorr Str+2 Int+5}
rPois   .            (no helmet)
rElec   .            (no cloak)
rCorr   +            u - +0 pair of gloves
SInv    .            (no boots)
Will    .....        (no amulet)
Stlth   ++           (no ring)
HPRegen 0.25/turn    (no ring)
MPRegen 0.10/turn

%: no passive effects
@: no status effects
A: demonic magic 1
a: Renounce Religion


You were on level 4 of the Dungeon.
You worshipped Wu Jian.
Wu Jian was aware of your devotion.
You visited 1 branch of the dungeon, and saw 4 of its levels.

You collected 175 gold pieces.

Inventory:

Hand Weapons
 c - a +0 dagger
 k - a +1 dagger of speed (weapon)
Missiles
 d - 6 datura-tipped darts
 z - 6 boomerangs
Armour
 i - a +0 ring mail of poison resistance
 u - a +0 pair of gloves (worn)
 y - the +1 robe "Tolidi" (worn) {rCorr Str+2 Int+5}
   (You found it on level 4 of the Dungeon)

   Str+2:     It affects your strength (+2).
   Int+5:     It affects your intelligence (+5).
   rCorr:     It protects you from acid and corrosion.
Jewellery
 g - a ring of resist corrosion
Scrolls
 a - a scroll of identify {unknown}
 e - a scroll of butterflies {unknown}
 f - 2 scrolls of enchant armour {unknown}
 m - a scroll of immolation {unknown}
 n - a scroll of acquirement {unknown}
 o - a scroll of vulnerability {unknown}
 p - 2 scrolls of blinking {unknown}
 s - a scroll of amnesia {unknown}
Potions
 h - 2 potions of curing {unknown}
 j - 2 potions of might {unknown}
 l - a potion of degeneration {unknown}
 q - a potion of resistance {unknown}
 r - a potion of haste {unknown}
 t - a potion of lignification {unknown}
 v - a potion of attraction {unknown}
 w - a potion of berserk rage {unknown}
 x - 2 potions of brilliance {unknown}


   Skills:
 + Level 1.1 Fighting
 + Level 1.1 Armour
 + Level 2.3 Dodging
 + Level 2.4 Stealth
 + Level 2.5 Spellcasting
 + Level 1.8 Conjurations
 + Level 3.1 Fire Magic


You had 5 spell levels left.
You knew the following spells:

 Your Spells              Type           Power      Damage    Failure   Level
a - Foxfire               Conj/Fire      56%        2x1d6     4%          1
b - Scorch                Fire           34%        2d6       4%          2

Your spell library contained the following spells:

 Spells                   Type           Power      Damage    Failure   Level
 Shock                    Conj/Air       28%        1d4       9%          1
 Cigotuvi's Dreadful Rot  Necr/Pois/Air  4%         N/A       19%         2
 Inner Flame              Hex/Fire       10%        N/A       19%         3
 Volatile Blastmotes      Fire/Tloc      20%        2d11      19%         3
 Swiftness                Air            2%         N/A       36%         3
 Flame Wave               Conj/Fire      14%        2d6       41%         4
 Airstrike                Air            1%         2d(1-17)  77%         4
 Olgreb's Toxic Radiance  Pois           2%         N/A       77%         4
 Eringya's Noxious Bog    Tmut/Pois      1%         4d6       100%        6


Dungeon Overview and Level Annotations

Branches:
Dungeon (4/15)
 Temple: D:4-7

Altars:
Ashenzari
Wu Jian


Innate Abilities, Weirdness & Mutations

Spells you cast may paralyse adjacent enemies.


Message History

You kill the orc!
The Council accepts your kill. Malevolent energies surge around you.
An orc priest comes into view. It is wielding a +0 club.
An orc priest is nearby!
Your magical contamination has completely faded away.
There is an open door here.
You start resting.
An orc priest is nearby!
Casting: Scorch (safe; 4% risk of failure)
Confirm with . or Enter, or press ? or * to list all spells.
Flames lash the orc priest but do no damage.
Malevolent energies surge around you.
Casting: Scorch (safe; 4% risk of failure)
Confirm with . or Enter, or press ? or * to list all spells.
You don't have enough magic to cast this spell.
Casting: Scorch (safe; 4% risk of failure)
Confirm with . or Enter, or press ? or * to list all spells.
You conjure some foxfire!
Malevolent energies surge around you.
The orc priest invokes the aid of Beogh against you.
Pain shoots through your body!
Your foxfire dissipates!
The foxfire hits the orc priest.
The orc priest is moderately wounded.
The orc priest looks satisfied for a moment.
The orc priest mumbles some strange prayers to Beogh against you.
Beogh smites you!
You see here a ball python corpse.
Casting: Foxfire (safe; 4% risk of failure)
Confirm with . or Enter, or press ? or * to list all spells.
You don't have enough magic to cast this spell.
You lunge at the orc priest.
You hit the orc priest.
The orc priest is heavily wounded.
The orc priest closely misses you.
You hit the orc priest.
The orc priest is heavily wounded.
Magic courses through your body.
The orc priest invokes the aid of Beogh against you.
Beogh smites you!
You die...

.. ...... ... .[... # ..# #...#
##..## ####...###### ......
#........... ...... #.....).....
##..## ###..####.######
#######+####..####.###..#
†..............o@.†.....#
...............#........#
######..########.######.# ####
##..##..###### #.######.######..#
.#...........# ..#...............
.#...........#...#...............
.#...........#...#....^..........
.+...........#...+...............
.#...........#...#...............


You could see an orc priest.

Vanquished Creatures
  An iguana (D:4)
  2 adders (D:3)
  2 ufetubi (D:3)
  A worm (D:3)
  A dart slug (D:3)
  An orc (D:4)
  A bat (D:1)
  2 endoplasms
  3 giant cockroaches
  8 goblins
  10 hobgoblins
  5 kobolds
  2 quokkas
  4 ball pythons
  6 frilled lizards
  2 rats
51 creatures vanquished.

Vanquished Creatures (others)
  60 foxfires
60 creatures vanquished.

Grand Total: 111 creatures vanquished

Notes
Turn   | Place    | Note
-------+----------+-------------------------------------------
     0 | D:1      | croobank the Demonspawn Fire Elementalist began the quest
                  | for the Orb.
     0 | D:1      | Reached XP level 1. HP: 13/13 MP: 3/3
   299 | D:1      | Gained mutation: Spells you cast may paralyse adjacent
                  | enemies. [demonic ancestry]
   299 | D:1      | Reached XP level 2. HP: 19/19 MP: 1/5
   604 | D:1      | Learned a level 2 spell: Scorch
  1503 | D:2      | Found a faded altar of an unknown god.
  1518 | D:2      | Prayed at the altar of an unknown god.
  1518 | D:2      | Became a worshipper of the Wu Jian Council
  1518 | D:2      | Reached * piety under Wu Jian
  1787 | D:2      | Reached XP level 3. HP: 17/24 MP: 6/6
  1790 | D:2      | Reached skill level 3 in Fire Magic
  2949 | D:3      | Reached XP level 4. HP: 22/31 MP: 2/7
  3025 | D:3      | Reached skill level 1 in Fighting
  3457 | D:4      | Identified the "Voob"
  3529 | D:4      | Reached skill level 1 in Armour
  3641 | D:4      | Found a broken altar of Ashenzari.
  3681 | D:4      | Identified the +1 robe "Tolidi" {rCorr Str+2 Int+5}
  3944 | D:4      | Killed from afar by an orc priest

Illustrated notes

Levels and vault maps discovered:
D:1:      sevenhm_arrival_forest_fort_small_3, layout_basic,
          hangedman_decor_slide_cut
D:2:      layout_loops_ring, dreamdust_ecumenical_altar_statues,
          kennysheep_cluttered_room
D:3:      layout_basic
D:4:      layout_gridville, general_overflow_altar, mainiacjoe_overflow_24_doors

Skill      XL: |  1  2  3  4 |
---------------+-------------+-----
Stealth        | 2 |  2.4
Dodging        | 2 |  2.3
Fire Magic     | 3 |  3.1
Fighting       | 1 |  1.1
Armour         | 1 |  1.1
Spellcasting   | |  2.5
Conjurations   | |  1.8

Action                     |  1- 3 |  4- 6 || total
---------------------------+-------+-------++-------
  Melee: Dagger            |    32 |    21 ||    53
         Punch             |       |     1 ||     1
   Cast: Foxfire           |    29 |    12 ||    41
         Scorch            |    15 |     8 ||    23
Ability: Lunge             |     9 |     1 ||    10
         Whirlwind         |     1 |       ||     1
    Use: Potion            |       |     1 ||     1
   Stab: Sleeping          |     9 |     1 ||    10
         Distracted        |     1 |       ||     1
 Armour: Robe              |    10 |     6 ||    16
  Dodge: Dodged            |     4 |     7 ||    11

Table legend: (Time is in decaauts)
 A = Elapsed time spent in this place.
 B = Non-inter-level travel time spent in this place.
 C = Inter-level travel time spent in this place.
 D = Time resting spent in this place.
 E = Time spent auto-exploring this place.
 F = Levels seen in this place.
 G = Mean time per level.
                   A        B        C        D        E       F      G
               +--------+--------+--------+--------+--------+-----+--------+
         Total |   3931 |   3832 |     99 |    643 |   2723 |   4 |  982.8 |
       Dungeon |   3931 |   3832 |     99 |    643 |   2723 |   4 |  982.8 |
               +--------+--------+--------+--------+--------+-----+--------+

Top non-repeatable levels by time:
     D:1: 1362 daAuts
     D:3: 1121 daAuts
     D:2: 967 daAuts
     D:4: 480 daAuts
